 Dungeon Crawl Stone Soup version 0.18.1-5-g4a78601 (webtiles) character file.

114 Mefis the Magician (level 4, -9/24 HPs)
             Began as a Deep Elf Wizard on May 11, 2016.
             Mangled by Uhlv's ghost (10 damage)
             ... on level 3 of the Dungeon.
             The game lasted 00:04:11 (2813 turns).

Mefis the Magician (Deep Elf Wizard)                Turns: 2813, Time: 00:04:12

Health: -9/24      AC:  2    Str:  4    XL:     4   Next: 67%
Magic:  5/13       EV: 13    Int: 24    God:
Gold:   88         SH:  0    Dex: 13    Spells: 6 memorised, 0 levels left

rFire  . . .     SeeInvis .     h - -1 dagger (curse)
rCold  . . .     Gourm    .     a - +0 robe
rNeg   . . .     Faith    .     (no shield)
rPois  .         Spirit   .     b - +0 hat
rElec  .         Dismiss  .     (no cloak)
rCorr  .         Reflect  .     (no gloves)
SustAt .         Harm     .     (no boots)
MR     .....                    (no amulet)
Stlth  ++........               (no ring)
                                (no ring)

@: repel missiles, not resistant to hostile enchantments, unstealthy
A: no striking features
a: no special abilities


You were on level 3 of the Dungeon.
You were not hungry.

You visited 1 branch of the dungeon, and saw 3 of its levels.

You collected 88 gold pieces.

Inventory:

Hand Weapons
 h - a cursed -1 dagger (weapon)
 i - a +2 dagger of freezing
 m - a +1 dagger of speed
Armour
 a - a +0 robe (worn)
 b - a +0 hat (worn)
Scrolls
 f - 2 scrolls of random uselessness {unknown}
 l - 4 scrolls of remove curse {unknown}
 o - a scroll of blinking {unknown}
Potions
 e - 4 potions of flight {unknown}
 g - a potion of mutation {unknown}
 n - a potion of might {unknown}
 p - a potion of degeneration {unknown}
 q - a potion of curing {unknown}
 s - a potion of brilliance {unknown}
 t - 2 potions of magic {unknown}
Books
 c - a book of Minor Magic

   Spells                             Type                      Level
   a - Magic Dart                     Conjuration                  1
   b - Blink                          Translocation                2
   c - Call Imp                       Summoning                    2
   d - Repel Missiles                 Charms/Air                   2
   e - Slow                           Hexes                        2
   f - Conjure Flame                  Conjuration/Fire             3
   g - Mephitic Cloud                 Conjuration/Poison/Air       3
Comestibles
 d - 4 bread rations
 j - 3 meat rations
 k - a slice of pizza
 r - 4 fruits


   Skills:
 + Level 3.3 Dodging
 + Level 3.5 Stealth
 + Level 5.0 Spellcasting
 * Level 2.7 Conjurations
 + Level 2.0 Summonings
 - Level 1.1 Translocations
 + Level 0.0 Fire Magic
 + Level 0.7 Poison Magic


You couldn't memorise any spells.
You knew the following spells:

 Your Spells              Type           Power        Failure   Level  Hunger
a - Magic Dart            Conj           ###.         2%          1    None
b - Call Imp              Summ           ###.....     8%          2    None
c - Blink                 Tloc           N/A          12%         2    None
d - Repel Missiles        Chrm/Air       #.....       14%         2    None
e - Mephitic Cloud        Conj/Pois/Air  ##......     21%         3    ##.....
f - Conjure Flame         Conj/Fire      ##......     17%         3    ##.....


Dungeon Overview and Level Annotations

Branches:
Dungeon (3/15)

Altars:
Kikubaaqudgha

Annotations:
D:3 Uhlv's ghost, amateur GrBe


Message History

Uhlv's ghost closely misses you.
Casting: Magic Dart
Confirm with . or Enter, or press ? or * to list all spells.
Aiming: Magic Dart
Press: ? - help, Shift-Dir - straight line, f/p - Uhlv's ghost
Aim: Uhlv's ghost (lightly damaged)
The magic dart hits Uhlv's ghost.
Uhlv's ghost is lightly damaged.
The orc falls through a shaft!
The shaft crumbles and collapses.
Uhlv's ghost hits you.
* * * LOW HITPOINT WARNING * * *
Casting: Magic Dart
Confirm with . or Enter, or press ? or * to list all spells.
Aiming: Magic Dart
Press: ? - help, Shift-Dir - straight line, f/p - Uhlv's ghost
Aim: Uhlv's ghost (lightly damaged)
The magic dart hits Uhlv's ghost.
Uhlv's ghost is lightly damaged.
Uhlv's ghost hits you!
You die...

... ..# ... ##.##
... ########[###
.......#.#<######
.......@.........
######W#.#.######
#ยง#.#.# #####.
#.#.#.# ......
#.#.#.# ###
#.#.#.. ..#
#.#.### #.# #.#.#
#.# #.#


You could see Uhlv's ghost.

Vanquished Creatures
  Ijyb (D:2)
  3 adders (D:2)
  3 oozes
  2 worms (D:2)
  2 dart slugs
  2 giant cockroaches
  4 goblins
  4 hobgoblins (D:1)
  A quokka (D:2)
  A ball python (D:1)
  8 bats
  6 giant newts
  4 kobolds
  5 rats
46 creatures vanquished.

Notes
Turn   | Place    | Note
--------------------------------------------------------------
     0 | D:1      | Mefis the Deep Elf Wizard began the quest for the Orb.
     0 | D:1      | Reached XP level 1. HP: 10/10 MP: 7/7
   192 | D:1      | Reached XP level 2. HP: 10/15 MP: 3/9
   196 | D:1      | Learned a level 2 spell: Call Imp
   199 | D:1      | Learned a level 2 spell: Blink
   202 | D:1      | Learned a level 2 spell: Repel Missiles
  1093 | D:1      | Reached XP level 3. HP: 19/19 MP: 7/11
  1103 | D:1      | Learned a level 3 spell: Mephitic Cloud
  1953 | D:2      | Noticed Ijyb
  1978 | D:2      | Killed Ijyb
  1978 | D:2      | Reached XP level 4. HP: 1/24 MP: 0/12
  2267 | D:2      | Found an ancient bone altar of Kikubaaqudgha.
  2453 | D:2      | Reached skill level 5 in Spellcasting
  2510 | D:2      | Learned a level 3 spell: Conjure Flame
  2804 | D:3      | Noticed Uhlv's ghost (amateur GrBe)
  2812 | D:3      | HP: 1/24 [Uhlv's ghost (3)]
  2813 | D:3      | Mangled by Uhlv's ghost

Skill      XL: |  1  2  3  4 |
---------------+-------------+-----
Dodging        | 3 |  3.3
Stealth        | 3 |  3.5
Conjurations   | 2 |  2.7
Spellcasting   | 5 |  5.0
Summonings     | 2 |  2.0
Translocations | |  1.1
Poison Magic   | |  0.7

Action                   |  1- 3 |  4- 6 || total
-------------------------+-------+-------++-------
Melee: Dagger            |    18 |       ||    18
 Cast: Magic Dart        |    96 |    42 ||   138
       Repel Missiles    |     1 |       ||     1
  Eat: Chunk             |     2 |       ||     2
       Bread ration      |       |     1 ||     1
Armor: Robe              |    10 |     2 ||    12
Dodge: Dodged            |    21 |    11 ||    32
